Map: [ESL] Waterfall

Players

PappiJoe

  • Race: Protoss Protoss
  • Spawn Location: 1:00

BabyMarine - Winner!

  • Race: Terran Terran
  • Spawn Location: 7:00

Event: DreamHack SC2 Masters 2022 Valencia

VOD

Have the link to the VOD?

Description

Time

  • Played on: July 1, 2022, 6:39 a.m.
  • Length: 8:24

All games in this series

Show
View Real Time Build Order
Export as new Build Order

PappiJoe Protoss 

Build Orders: 1 Gate Expand, Phoenix Opening, Colossus Rush 

Get SALT Encoding   

  12  0:00  Probe  
  13  0:12  Probe  
  14  0:21  Pylon  
  14  0:24  Probe  
  14  0:28  Assimilator  
  15  0:39  Probe (Chrono Boost)  
  16  0:43  Gateway  
  16  0:49  Probe (Chrono Boost)  
  17  0:54  Probe (Chrono Boost)  
  18  1:06  Probe  
  19  1:18  Probe  
  19  1:23  Nexus  
  20  1:34  Cybernetics Core  
  20  1:35  Probe  
  21  1:40  Assimilator  
  21  1:47  Probe  
  21  1:51  Pylon  
  22  2:00  Probe  
  23  2:08  Stalker (Chrono Boost), Probe  
  23  2:13  Warp Gate  
  26  2:16  Probe  
  26  2:19  Shield Battery  
  27  2:26  Probe  
  28  2:34  Sentry  
  30  2:39  Probe (Chrono Boost)  
  30  2:43  Probe (Chrono Boost)  
  32  2:49  Probe (Chrono Boost)  
  34  2:52  Probe (Chrono Boost)  
  34  2:54  Probe (Chrono Boost)  
  35  2:59  Gateway  
  35  3:01  Gateway  
  35  3:04  Sentry  
  37  3:07  Probe  
  37  3:08  Probe  
  39  3:15  Phoenix  
  39  3:16  Robotics Facility  
  39  3:19  Probe  
  40  3:20  Probe  
  41  3:31  Probe  
  41  3:33  Probe  
  43  3:37  Nexus  
  43  3:43  Pylon  
  43  3:44  Probe  
  43  3:45  Probe  
  45  3:56  Probe (Chrono Boost)  
  45  3:57  Assimilator  
  45  3:59  Pylon  
  45  4:00  Assimilator  
  45  4:01  Probe (Chrono Boost)  
  45  4:02  Pylon  
  47  4:04  Observer  
  49  4:13  Probe (Chrono Boost)  
  49  4:14  Probe (Chrono Boost)  
  50  4:18  Probe (Chrono Boost)  
  50  4:20  Probe (Chrono Boost)  
  50  4:22  Robotics Bay  
  52  4:27  Probe  
  52  4:29  Stalker x3  
  59  4:32  Probe  
  60  4:39  Immortal  
  60  4:40  Probe  
  65  4:46  Shield Battery  
  65  4:47  Probe  
  65  4:51  Probe  
  67  5:02  Stalker  
  67  5:05  Probe x2  
  68  5:09  Stalker  
  68  5:10  Probe  
  71  5:17  Probe  
  71  5:18  Twilight Council, Forge  
  71  5:19  Probe  
  73  5:28  Pylon, Colossus (Chrono Boost)  
  74  5:29  Probe  
  74  5:35  Probe x2  
  82  5:42  Probe  
  83  5:47  Probe x2, Extended Thermal Lance  
  83  5:49  Pylon  
  85  5:54  Probe  
  86  5:59  Probe x2  
  88  6:05  Assimilator  
  88  6:06  Probe  
  88  6:07  Protoss Ground Weapons Level 1 (Chrono Boost), Assimilator  
  88  6:09  Charge  
  89  6:12  Colossus (Chrono Boost)  
  89  6:14  Probe x2  
  89  6:18  Probe  
  98  6:20  Pylon  
  98  6:25  Pylon  
  98  6:26  Probe  
  98  6:27  Probe  
  98  6:30  Probe  
  101  6:34  Gateway x2  
  101  6:41  Pylon  
  101  6:44  Pylon, Shield Battery  
  101  6:47  Pylon  
  101  6:52  Pylon  
  90  6:57  Colossus (Chrono Boost), Zealot x3  
  94  7:08  Gateway  
  92  7:10  Gateway  
  85  7:19  Probe x2, Gateway x2  
  85  7:20  Probe  
  88  7:23  Templar Archives  
  88  7:24  Pylon  
  88  7:25  Photon Cannon  
  88  7:31  Probe x2  
  96  7:46  Stalker  
  96  7:47  Stalker x3  
  96  7:48  Stalker  
  100  8:10  Nexus, Probe x2  
  102  8:17  Zealot x2  
  102  8:18  Zealot  
Show
View Real Time Build Order
Export as new Build Order

BabyMarine Terran - Winner!

Build Orders: Reaper Expand 

Get SALT Encoding   

  12  0:00  SCV  
  13  0:12  SCV  
  14  0:17  Supply Depot  
  14  0:24  SCV  
  15  0:38  SCV  
  15  0:40  Barracks  
  16  0:43  Refinery  
  16  0:51  SCV  
  17  1:03  SCV  
  18  1:15  SCV  
  19  1:27  Orbital Command, Reaper  
  20  1:42  Command Center  
  20  1:54  SCV  
  21  1:56  Supply Depot  
  21  1:59  Marine  
  22  2:08  Factory  
  22  2:10  SCV  
  23  2:20  Barracks Reactor  
  23  2:22  SCV  
  24  2:34  SCV  
  24  2:35  Refinery  
  25  2:40  Bunker  
  25  2:46  SCV  
  26  2:52  Hellion  
  26  2:54  Orbital Command  
  26  2:58  Marine, Starport  
  28  3:00  SCV  
  28  3:04  Marine  
  31  3:12  SCV  
  31  3:13  Widow Mine  
  34  3:20  SCV  
  34  3:23  Marine x2  
  34  3:25  SCV  
  34  3:26  Supply Depot  
  38  3:32  SCV  
  39  3:38  Medivac, Widow Mine  
  39  3:39  SCV  
  44  3:45  SCV  
  45  3:49  Supply Depot  
  45  3:51  SCV  
  46  3:59  SCV  
  46  4:00  Barracks, Marine x2  
  46  4:01  Factory Tech Lab  
  49  4:03  SCV  
  49  4:08  Barracks, Starport Tech Lab  
  50  4:14  SCV  
  50  4:15  SCV, Supply Depot  
  52  4:18  Marine  
  52  4:20  Marine  
  54  4:27  SCV  
  54  4:28  Raven  
  54  4:30  SCV  
  58  4:33  Factory Reactor  
  58  4:36  Refinery  
  58  4:37  Engineering Bay, Marine  
  58  4:38  Marine  
  60  4:39  SCV  
  60  4:42  SCV  
  62  4:51  SCV  
  60  4:54  SCV  
  60  4:59  Marine x2, Marauder  
  65  5:03  SCV  
  65  5:04  Stimpack  
  65  5:06  SCV  
  65  5:09  Terran Infantry Weapons Level 1  
  65  5:15  SCV, Supply Depot  
  65  5:16  Marine  
  65  5:17  Marine x2  
  65  5:18  SCV, Starport Reactor  
  70  5:24  Combat Shield  
  70  5:26  Supply Depot  
  70  5:27  Supply Depot  
  70  5:28  Supply Depot  
  70  5:31  SCV x2  
  70  5:32  Marauder  
  70  5:35  Marauder, Widow Mine  
  78  5:36  Marine  
  78  5:39  Refinery  
  78  5:42  Marine, Widow Mine  
  82  5:44  SCV  
  82  5:46  SCV  
  84  5:53  Marauder  
  84  5:54  Marine  
  84  5:56  Medivac, Marine  
  88  6:05  SCV x2  
  88  6:07  Command Center, Widow Mine  
  92  6:12  Medivac, Widow Mine  
  92  6:13  Marine  
  99  6:18  Marine  
  99  6:19  Marauder x2  
  102  6:28  Barracks  
  102  6:30  Barracks  
  102  6:31  Marine, Widow Mine  
  105  6:33  Widow Mine  
  107  6:43  Marine, Concussive Shells  
  107  6:44  Marauder  
  110  6:47  Marauder  
  110  6:50  Marine  
  101  7:00  SCV x2  
  94  7:01  Marine  
  94  7:05  Marauder  
  94  7:07  Medivac x2, Widow Mine  
  94  7:08  Marine, Widow Mine  
  102  7:09  Marauder  
  102  7:12  SCV  
  105  7:19  Barracks Tech Lab, Barracks Reactor, Marine  
  105  7:22  Engineering Bay, Armory  
  106  7:26  SCV  
  106  7:27  SCV, Marauder  
  110  7:35  Marine  
  110  7:36  Marauder  
  112  7:38  SCV  
  112  7:41  SCV  
  112  7:44  Orbital Command  
  114  7:51  SCV  
  115  7:53  Medivac x2  
  117  7:59  Marine x2, Marauder  
  117  8:00  Marauder x2  
  117  8:01  Marine x2  
  117  8:04  Supply Depot x2  
  125  8:07  Supply Depot  

Tags
 
Add a new tag
Caveats
  • Supply blocks, unpowered buildings, or Contaminate may cause inaccurate times.
  • Supply counts are checked every 10 seconds.